Map: Prion Terraces

Players

AcerBly (Bly)

  • Race: Zerg Zerg

PartinG - Winner!

  • Race: Protoss Protoss

Event: DreamHack ROCCAT LotV Championship

VOD

Have the link to the VOD?

Description

Time

  • Played on: Nov. 26, 2015, 7:37 a.m.
  • Length: 22:29

All games in this series

Show
View Real Time Build Order
Export as new Build Order

AcerBly Zerg 

Build Orders: Hatch First 

Get SALT Encoding   

  12  0:00  Drone  
  13  0:12  Overlord  
  13  0:17  Drone  
  14  0:30  Drone  
  14  0:31  Drone  
  14  0:35  Drone  
  17  0:46  Drone  
  18  1:00  Drone  
  19  1:08  Hatchery  
  18  1:14  Spawning Pool  
  18  1:15  Drone  
  18  1:36  Hatchery  
  17  1:43  Drone  
  17  1:48  Drone  
  17  1:50  Overlord  
  18  2:00  Queen  
  20  2:01  Zergling x2  
  20  2:05  Zergling x2  
  22  2:18  Drone  
  22  2:21  Queen  
  25  2:25  Drone  
  26  2:31  Drone  
  26  2:32  Drone  
  26  2:36  Queen  
  30  2:40  Overlord  
  30  2:45  Drone  
  31  2:51  Drone x2  
  31  2:56  Extractor  
  31  2:57  Extractor  
  31  3:01  Drone x3  
  34  3:09  Drone x4  
  37  3:17  Drone x3  
  39  3:25  Drone x2  
  39  3:26  Drone  
  42  3:33  Zergling x4  
  44  3:34  Queen  
  44  3:37  Zergling x8  
  50  3:44  Metabolic Boost  
  50  3:49  Overlord x2  
  50  4:01  Overlord  
  50  4:02  Overlord  
  50  4:10  Zergling x12  
  51  4:25  Zergling x8  
  51  4:29  Lair  
  51  4:40  Drone x3  
  51  4:41  Drone  
  54  4:46  Drone x4  
  54  4:50  Overlord  
  54  4:52  Drone x2  
  60  4:59  Drone  
  61  5:03  Drone x2  
  63  5:12  Drone  
  64  5:15  Overlord  
  62  5:22  Drone x4  
  62  5:25  Extractor x2  
  62  5:26  Drone x2  
  66  5:29  Extractor x2  
  66  5:30  Spire  
  66  5:34  Drone  
  64  5:35  Hatchery  
  64  5:38  Drone x6  
  69  5:47  Drone  
  69  5:48  Drone x3  
  73  5:53  Overlord  
  73  5:54  Overseer  
  73  5:55  Drone  
  73  5:56  Drone x3  
  77  6:03  Overlord x2  
  77  6:04  Drone  
  78  6:13  Zergling x8  
  78  6:16  Drone x3  
  85  6:21  Overseer  
  85  6:30  Drone x4  
  85  6:31  Hatchery, Extractor x2  
  86  6:44  Mutalisk x6  
  98  6:49  Overlord  
  95  6:54  Mutalisk x3  
  95  6:57  Zerg Flyer Weapons Level 1, Overlord  
  101  7:04  Drone x6  
  101  7:07  Mutalisk x3  
  101  7:08  Infestation Pit  
  112  7:09  Evolution Chamber  
  110  7:18  Overlord  
  110  7:23  Mutalisk x3  
  110  7:26  Overlord  
  116  7:32  Drone x4  
  116  7:33  Drone x2  
  122  7:38  Zerg Melee Weapons Level 1  
  122  7:46  Hive  
  120  7:52  Corruptor x3  
  124  8:05  Corruptor x3  
  120  8:07  Drone x7  
  120  8:08  Drone x6  
  139  8:17  Spine Crawler  
  139  8:18  Mutalisk x3  
  142  8:24  Drone  
  142  8:25  Drone x3, Extractor  
  142  8:27  Extractor  
  142  8:30  Spine Crawler  
  142  8:31  Spine Crawler  
  142  8:34  Spine Crawler  
  139  8:38  Mutalisk x4  
  139  8:40  Overlord x3  
  147  8:41  Overlord x2  
  147  8:45  Zergling x2  
  147  8:46  Zergling x2  
  147  8:47  Overlord  
  149  8:55  Corruptor x2  
  149  9:09  Viper x3  
  147  9:12  Zergling x6  
  147  9:13  Zergling x24  
  147  9:16  Overlord  
  171  9:21  Overlord  
  171  9:24  Adrenal Glands  
  171  9:26  Ultralisk Cavern  
  170  9:33  Zergling x6  
  170  9:34  Zergling x14  
  180  9:40  Zerg Melee Weapons Level 2  
  180  9:45  Spine Crawler x2  
  178  9:52  Mutalisk  
  178  9:53  Mutalisk x5  
  178  9:58  Hatchery, Mutalisk  
  191  10:02  Mutalisk  
  193  10:10  Overseer  
  193  10:11  Mutalisk x2  
  197  10:19  Spore Crawler  
  196  10:25  Mutalisk x2  
  200  10:31  Hatchery  
  155  10:45  Overseer  
  155  10:46  Overseer  
  137  10:52  Mutalisk x8  
  137  10:54  Zergling x4  
  137  10:55  Zergling x34  
  165  10:58  Spine Crawler  
  165  11:00  Spore Crawler  
  165  11:01  Spine Crawler  
  158  11:09  Mutalisk x4  
  166  11:17  Pneumatized Carapace  
  165  11:23  Spore Crawler, Spine Crawler, Mutalisk x2  
  167  11:26  Zergling x14  
  170  11:40  Overlord  
  170  11:43  Hatchery, Overlord  
  162  11:58  Drone  
  162  11:59  Drone x2  
  165  12:01  Spine Crawler  
  165  12:03  Ultralisk  
  165  12:04  Chitinous Plating  
  170  12:11  Drone x4  
  174  12:16  Drone  
  174  12:17  Drone x3  
  177  12:23  Viper x2  
  183  12:35  Viper  
  186  12:37  Drone x7  
  193  12:46  Drone  
  193  12:47  Drone  
  193  12:50  Spore Crawler  
  188  13:10  Zergling x2  
  188  13:11  Zergling x14  
  188  13:20  Zergling x2  
  188  13:21  Zergling x2  
  188  13:22  Spine Crawler, Extractor  
  180  13:35  Drone x5  
  180  13:37  Zerg Ground Armor Level 1  
  180  13:39  Ultralisk x2  
  197  13:47  Viper x2  
  197  13:58  Zergling x6  
  200  14:06  Hatchery  
  199  14:17  Hatchery  
  192  14:26  Ultralisk  
  194  14:49  Extractor x2  
  188  15:03  Overseer x3  
  188  15:06  Ultralisk x2  
  186  15:18  Mutalisk x11, Zerg Flyer Armor Level 1  
  192  15:34  Zerg Ground Armor Level 2  
  192  15:37  Evolution Chamber  
  189  15:46  Zergling x2  
  189  15:47  Zergling x18  
  170  16:08  Ultralisk  
  170  16:09  Ultralisk x3  
  181  16:12  Mutalisk x3  
  179  16:38  Ultralisk x2  
  112  17:21  Zergling x20  
  109  17:25  Drone  
  109  17:26  Drone x2  
  106  17:41  Drone  
  92  18:13  Greater Spire  
  82  18:58  Hatchery  
  81  19:27  Brood Lord x5  
  81  19:28  Zergling x12  
  94  19:45  Zergling x2  
  94  19:46  Zergling x4  
  90  20:00  Extractor  
  90  20:02  Zergling x6  
  90  20:11  Drone  
  90  20:13  Drone x2  
  93  20:19  Zergling x2  
  94  20:27  Zergling x4  
  96  20:38  Zergling x6  
  95  20:56  Ultralisk  
  98  21:06  Zergling x12  
  91  21:23  Overseer  
  82  21:27  Drone  
  82  21:28  Drone x3  
Show
View Real Time Build Order
Export as new Build Order

PartinG Protoss - Winner!

Build Orders: Nexus First 

Get SALT Encoding   

  12  0:01  Probe (Chrono Boost)  
  13  0:11  Probe (Chrono Boost)  
  14  0:19  Pylon  
  14  0:22  Probe (Chrono Boost)  
  15  0:37  Probe (Chrono Boost)  
  16  0:48  Probe (Chrono Boost)  
  17  1:00  Nexus  
  17  1:09  Gateway  
  17  1:13  Probe (Chrono Boost)  
  17  1:18  Assimilator  
  18  1:23  Probe (Chrono Boost)  
  19  1:27  Assimilator  
  19  1:34  Probe (Chrono Boost)  
  20  1:44  Probe (Chrono Boost)  
  21  1:55  Probe (Chrono Boost)  
  21  1:57  Cybernetics Core  
  21  1:58  Gateway  
  22  2:05  Probe (Chrono Boost)  
  23  2:13  Probe (Chrono Boost)  
  24  2:16  Probe (Chrono Boost)  
  25  2:23  Probe (Chrono Boost)  
  25  2:26  Probe (Chrono Boost)  
  27  2:32  Stalker (Chrono Boost)  
  27  2:33  Warp Gate  
  27  2:35  Probe (Chrono Boost)  
  30  2:37  Mothership Core (Chrono Boost)  
  32  2:45  Stalker (Chrono Boost)  
  32  2:46  Probe  
  35  2:52  Pylon  
  35  2:57  Probe  
  36  2:59  Probe  
  37  3:07  Stalker (Chrono Boost)  
  37  3:11  Probe x2  
  40  3:16  Stalker (Chrono Boost)  
  42  3:23  Probe x2  
  44  3:34  Pylon x2  
  44  3:35  Pylon  
  44  3:38  Probe x2 (Chrono Boost)  
  45  3:49  Probe (Chrono Boost)  
  45  3:52  Probe (Chrono Boost)  
  45  3:55  Robotics Facility  
  47  4:00  Probe (Chrono Boost)  
  48  4:03  Probe (Chrono Boost)  
  48  4:05  Pylon  
  49  4:10  Probe (Chrono Boost)  
  49  4:14  Probe (Chrono Boost)  
  51  4:21  Probe (Chrono Boost)  
  53  4:24  Probe (Chrono Boost)  
  53  4:27  Forge  
  58  4:31  Probe (Chrono Boost)  
  58  4:32  Assimilator  
  58  4:35  Probe (Chrono Boost)  
  58  4:37  Assimilator  
  55  4:41  Nexus  
  55  4:48  Pylon  
  55  4:49  Probe x2 (Chrono Boost)  
  55  4:50  Pylon  
  55  4:51  Observer, Robotics Bay  
  58  4:55  Adept  
  58  4:56  Adept  
  62  5:03  Mothership Core (Chrono Boost), Probe (Chrono Boost)  
  62  5:05  Photon Cannon  
  63  5:10  Pylon  
  63  5:15  Pylon  
  63  5:17  Warp Prism (Chrono Boost)  
  63  5:19  Probe (Chrono Boost)  
  66  5:23  Probe  
  66  5:25  Pylon  
  67  5:29  Pylon  
  67  5:35  Probe  
  67  5:36  Probe  
  67  5:38  Gravitic Drive (Chrono Boost)  
  69  5:45  Disruptor, Photon Cannon  
  69  5:48  Probe x2  
  71  5:56  Stargate  
  74  5:57  Stargate  
  74  6:00  Probe  
  74  6:01  Probe x2  
  74  6:03  Assimilator  
  77  6:08  Assimilator  
  77  6:11  Twilight Council  
  77  6:13  Probe x2  
  77  6:15  Probe  
  77  6:16  Disruptor  
  80  6:18  Protoss Ground Weapons Level 1 (Chrono Boost)  
  83  6:27  Probe  
  83  6:28  Probe x2  
  83  6:31  Protoss Air Weapons Level 1  
  86  6:42  Phoenix x2 (Chrono Boost)  
  90  6:47  Disruptor  
  93  6:56  Blink  
  93  6:59  Probe x2  
  93  7:00  Probe  
  96  7:03  Zealot  
  96  7:04  Zealot  
  96  7:07  Dark Shrine  
  100  7:10  Gateway  
  100  7:14  Gateway  
  96  7:16  Gateway  
  96  7:17  Phoenix (Chrono Boost)  
  96  7:18  Phoenix (Chrono Boost)  
  96  7:19  Pylon  
  96  7:21  Photon Cannon  
  95  7:23  Disruptor  
  95  7:24  Pylon x2  
  95  7:26  Pylon  
  95  7:29  Zealot x2  
  102  7:40  Phoenix (Chrono Boost)  
  102  7:42  Phoenix (Chrono Boost)  
  106  7:54  Probe x2  
  110  8:05  Phoenix x2 (Chrono Boost)  
  110  8:06  Zealot x2  
  114  8:15  Gateway  
  114  8:16  Gateway  
  114  8:19  Gateway  
  110  8:20  Disruptor  
  110  8:24  Nexus  
  110  8:26  Pylon  
  113  8:27  Phoenix x2 (Chrono Boost)  
  113  8:28  Pylon  
  113  8:29  Pylon  
  113  8:31  Zealot x4, Pylon  
  113  8:34  Protoss Ground Weapons Level 2  
  125  8:41  Pylon  
  125  8:45  Pylon  
  125  8:49  Fleet Beacon  
  125  8:54  Phoenix x2 (Chrono Boost)  
  129  9:14  Pylon  
  129  9:16  Pylon, Phoenix x2 (Chrono Boost)  
  129  9:17  Disruptor  
  133  9:20  Zealot x5  
  146  9:28  Photon Cannon  
  146  9:35  Photon Cannon  
  146  9:36  Anion Pulse-Crystals (Chrono Boost), Photon Cannon  
  146  9:43  Assimilator  
  146  9:44  Assimilator  
  146  9:48  Disruptor  
  146  9:50  Pylon  
  146  9:52  Phoenix  
  146  9:53  Phoenix  
  153  10:02  Dark Templar x2  
  157  10:08  Probe  
  158  10:15  Stalker x5  
  158  10:19  Warp Prism  
  158  10:20  Probe  
  169  10:22  Zealot  
  169  10:26  Nexus  
  173  10:30  Photon Cannon  
  135  10:44  Stalker x4  
  135  10:45  Stalker x2  
  135  10:47  Phoenix x2  
  116  11:06  Disruptor  
  116  11:08  Phoenix  
  116  11:09  Phoenix  
  123  11:19  Dark Templar x2, Zealot x3  
  123  11:22  Zealot  
  123  11:24  Stalker  
  123  11:25  Stalker  
  139  11:30  Protoss Ground Weapons Level 3 (Chrono Boost)  
  138  11:38  Pylon, Phoenix  
  138  11:39  Phoenix  
  138  11:40  Disruptor, Pylon  
  143  11:47  Protoss Air Weapons Level 2 (Chrono Boost)  
  143  11:53  Assimilator  
  137  11:56  Assimilator  
  137  11:57  Dark Templar  
  137  12:00  Pylon, Phoenix x2  
  141  12:13  Zealot x6  
  141  12:14  Zealot  
  145  12:31  Probe x3  
  145  12:32  Stalker  
  145  12:33  Phoenix x2  
  151  12:38  Stalker x2  
  151  12:43  Probe  
  156  12:55  Phoenix x2  
  156  13:00  Pylon  
  156  13:02  Photon Cannon  
  156  13:04  Photon Cannon  
  161  13:09  Immortal  
  157  13:14  Robotics Facility  
  157  13:17  Phoenix x2  
  154  13:20  Probe  
  154  13:21  Probe x2  
  157  13:38  Stalker x5, Templar Archives  
  157  13:40  Sentry x2  
  157  13:41  Sentry  
  173  13:47  Phoenix x2  
  163  13:53  Immortal  
  165  14:02  Observer, Protoss Ground Armor Level 1 (Chrono Boost)  
  170  14:08  Phoenix x2  
  174  14:21  Dark Templar x2  
  178  14:27  Immortal  
  178  14:29  Immortal  
  182  14:37  High Templar x2  
  188  14:53  Dark Templar x2  
  188  14:54  Dark Templar  
  188  14:57  Zealot x2  
  198  15:01  Dark Templar  
  198  15:04  Observer  
  199  15:09  Observer  
  199  15:12  Probe  
  192  15:15  Archon  
  192  15:17  Stalker x4  
  197  15:23  Probe x3  
  194  15:37  Stalker x3  
  196  16:03  Phoenix x2  
  196  16:04  Colossus  
  175  16:13  Stalker x6  
  175  16:14  Stalker x2  
  189  16:24  Phoenix x2  
  180  16:39  High Templar  
  173  16:40  High Templar x3  
  173  16:41  High Templar x2  
  173  16:46  Phoenix x2  
  180  16:47  Archon x2  
  180  16:48  Archon x2  
  180  16:49  Stalker x2, Archon  
  126  17:17  Stalker  
  126  17:18  Stalker x4  
  128  17:29  Dark Templar x2  
  126  18:05  Dark Templar x3  
  126  18:12  Dark Templar  
  128  18:17  Dark Templar  
  125  19:20  Nexus  
  125  19:34  High Templar x3  
  131  19:40  High Templar  
  129  20:25  Stalker x3  
  133  20:35  Stalker  
  124  21:05  Stalker x2  
  124  21:36  High Templar x2  
  127  21:40  Archon  
  127  21:53  Archon  
  123  22:09  Archon  

Tags
 
Add a new tag
Caveats
  • Supply blocks, unpowered buildings, or Contaminate may cause inaccurate times.
  • Supply counts are checked every 10 seconds.